 Dungeon Crawl Stone Soup version 0.27-a0-277-g024f7ef292 (webtiles) character file.

Game seed: 17646492822476662226

350 Borgoz the Skirmisher (level 6, 0/40 HPs)
             Began as a Gargoyle Berserker on Feb 6, 2021.
             Was a Priest of Trog.
             Killed by divine providence
             ... invoked by an orc priest
              (12 damage)
             ... on level 4 of the Dungeon.
             The game lasted 00:02:59 (4004 turns).

Borgoz the Skirmisher (Gargoyle Berserker)          Turns: 4004, Time: 00:02:59

Health: 0/40       AC:  9    Str: 24    XL:     6   Next: 60%
Magic:  6/6        EV: 12    Int:  7    God:    Trog [***...]
Gold:   249        SH:  0    Dex:  7    Spells: 5/5 levels left

rFire    . . .     SeeInvis .   l - +2 whip (elec)
rCold    . . .     Faith    .   (no shield)
rNeg     + . .     Spirit   .   b - +0 animal skin
rPois    ∞         Reflect  .   (no helmet)
rElec    +         Harm     .   m - +0 cloak (curse)
rCorr    .         Rampage  .   f - +0 pair of gloves {Str+3}
Will     .....                  (no boots)
Stlth    +.........             (no amulet)
HPRegen  0.13/turn              o - -4 ring of dexterity (curse)
MPRegen  0.10/turn              (no ring)

@: no status effects
A: negative energy resistance 1, electricity resistance, unbreathing,
petrification resistance, miasma immunity, AC +4
a: Renounce Religion, Berserk, Trog's Hand


You were on level 4 of the Dungeon.
You worshipped Trog.
Trog was most pleased with you.
You visited 1 branch of the dungeon, and saw 4 of its levels.

You collected 249 gold pieces.

Inventory:

Hand Weapons
 l - a +2 whip of electrocution (weapon)
Armour
 b - a +0 animal skin (worn)
 f - a +0 pair of gloves of strength (worn)
 m - a cursed +0 cloak (worn)
Jewellery
 o - a cursed -4 ring of dexterity (left hand)
Wands
 n - a wand of mindburst (14)
Scrolls
 c - a scroll of identify
 d - a scroll of fog
Potions
 a - a potion of mutation
 e - a potion of might {unknown}
 g - 2 potions of flight
 h - a potion of curing
 i - a potion of ambrosia {unknown}
 j - a potion of resistance {unknown}


   Skills:
 + Level 4.8 Fighting
 + Level 4.3 Maces & Flails
 + Level 4.1 Armour
 + Level 3.1 Dodging


You had 5 spell levels left.
You didn't know any spells.
Your spell library was empty.

Dungeon Overview and Level Annotations

Branches:
Dungeon (4/15)
 Temple: D:4-7

Altars:
Ashenzari

Annotations:
D:3 1 runed translucent door, Borgoz's ghost, amateur GrBe


Innate Abilities, Weirdness & Mutations

You are resistant to torment.
Your stone body is resilient. (AC +4)
You are immune to poison.
You resist negative energy. (rN+)
You are resistant to electric shocks. (rElec)
You can survive without breathing.
You are immune to petrification.
You are immune to miasma.


Message History

You hit the orc priest.
The orc priest is severely wounded.
The orc hits you but does no damage.
You hit the orc priest.
The orc priest is almost dead.
The orc priest calls down the wrath of Beogh upon you.
Beogh smites you!
* * * LOW HITPOINT WARNING * * *
The orc hits you but does no damage.
You closely miss the orc priest.
The orc priest is almost dead.
The orc priest hits you but does no damage.
The orc hits you but does no damage.
You barely miss the orc priest.
The orc priest is almost dead.
The orc priest barely misses you. The orc hits you but does no damage.
You feel better.
The orc priest calls down the wrath of Beogh upon you.
Beogh smites you!
You die...

...)......#
#.#
..####...##
#.# ..#
##.## #.#
..# #.#
#####.##
..# #.#
#......#
### #+
#.###..# ##
#).# .#
#o.## .#
#@..# .#
#o..# ..+
...?.# .##
##....# .#
...#.# .#
####.# ##
.#


You could see an orc priest and an orc.

Vanquished Creatures
  A big kobold (D:4)
  An orc priest (D:4)
  Crazy Yiuf (D:2)
  A worker ant (D:4)
  9 adders
  An ooze (D:1)
  5 worms
  A dart slug (D:3)
  3 leopard geckos
  3 orcs (D:4)
  6 giant cockroaches
  12 goblins
  10 hobgoblins
  8 jackals
  9 kobolds
  3 quokkas
  8 bats
  3 frilled lizards
  A quokka skeleton (D:4)
  5 rats
91 creatures vanquished.

Vanquished Creatures (others)
  3 fungi (D:3)
3 creatures vanquished.

Grand Total: 94 creatures vanquished

Notes
Turn   | Place    | Note
-------+----------+-------------------------------------------
     0 | D:1      | Borgoz the Gargoyle Berserker began the quest for the Orb.
     0 | D:1      | Reached XP level 1. HP: 14/14 MP: 1/1
   305 | D:1      | Reached XP level 2. HP: 18/19 MP: 2/2
  1015 | D:1      | Reached XP level 3. HP: 23/23 MP: 3/3
  1529 | D:2      | Reached ** piety under Trog
  1909 | D:2      | Found a runed translucent door.
  1910 | D:2      | Noticed Crazy Yiuf
  2026 | D:2      | Reached XP level 4. HP: 29/29 MP: 4/4
  2436 | D:2      | Killed Crazy Yiuf
  2593 | D:3      | Reached XP level 5. HP: 33/33 MP: 5/5
  2625 | D:3      | Found a runed translucent door.
  2627 | D:3      | Noticed Borgoz's ghost (amateur GrBe)
  2776 | D:3      | Found a broken altar of Ashenzari.
  2780 | D:3      | Saw a vision of the Swamp and the Snake Pit.
  2780 | D:3      | Noticed a shock serpent
  2780 | D:3      | Noticed a swamp drake
  2780 | D:3      | Noticed an alligator
  2782 | D:3      | Noticed a will-o-the-wisp
  3067 | D:3      | Reached *** piety under Trog
  3550 | D:4      | Noticed a big kobold
  3560 | D:4      | Killed a big kobold
  3561 | D:4      | Reached XP level 6. HP: 38/39 MP: 6/6
  4004 | D:4      | Killed from afar by an orc priest

Illustrated notes

Levels and vault maps discovered:
D:1:      eino_arrival_druids_welcome, layout_loops_cross, minmay_domino_2
D:2:      layout_basic, uniq_crazy_yiuf_cottage
D:3:      cheibrodos_greedy_goblins, layout_basic,
          ebering_ghost_reflecting_pool, grunt_ashenzari_visionary
          [grunt_ashenzari_visionary_swamp, grunt_ashenzari_visionary_snake]
D:4:      layout_loops_corners

Skill      XL: |  1  2  3  4  5  6 |
---------------+-------------------+-----
Dodging        | 2 3 |  3.1
Armour         | 3 4 |  4.1
Fighting       | 4 |  4.8
Maces & Flails | 4 |  4.3

Action                   |  1- 3 |  4- 6 || total
-------------------------+-------+-------++-------
Melee: Mace              |   105 |       ||   105
       Whip              |    12 |   162 ||   174
  Use: Scroll            |       |     6 ||     6
       Potion            |       |     3 ||     3
 Stab: Sleeping          |     1 |       ||     1
Armor: Animal skin       |    49 |    60 ||   109
Dodge: Dodged            |   100 |    90 ||   190

Table legend: (Time is in decaauts)
 A = Elapsed time spent in this place.
 B = Non-inter-level travel time spent in this place.
 C = Inter-level travel time spent in this place.
 D = Time resting spent in this place.
 E = Time spent auto-exploring this place.
 F = Levels seen in this place.
 G = Mean time per level.
                   A        B        C        D        E       F      G
               +--------+--------+--------+--------+--------+-----+--------+
         Total |   3996 |   3902 |     94 |    623 |   2667 |   4 |  999.0 |
       Dungeon |   3996 |   3902 |     94 |    623 |   2667 |   4 |  999.0 |
               +--------+--------+--------+--------+--------+-----+--------+

Top non-repeatable levels by time:
     D:2: 1438 daAuts
     D:1: 1133 daAuts
     D:3: 718 daAuts
     D:4: 705 daAuts
